 Dungeon Sprint DCSS version 0.27-a0-1051-g288ea87c7c (webtiles) character file.

Game seed: 4869912266904544829

6268 mhtbhm the Scorcher (level 10, -3/50 HPs)
             Began as a Deep Elf Fire Elementalist on Apr 20, 2021.
             Was the Champion of Vehumet.
             Shot with a bolt by a yaktaur captain (19 damage)
             ... in the Dungeon (Sprint V: "Ziggurat Sprint").
             The game lasted 00:05:10 (820 turns).

mhtbhm the Scorcher (Deep Elf Fire Elementalist)     Turns: 820, Time: 00:05:11

Health: -3/50      AC: 10    Str:  5    XL:     10   Next: 62%
Magic:  15/31      EV: 17    Int: 39    God:    Vehumet [******]
Gold:   0          SH:  0    Dex: 15    Spells: 23/39 levels left

rFire    + . .     SeeInvis .   C - +8 lance "Wyrmbane" {slay drac, rPois rF+ rC+ AC+3}
rCold    + . .     Faith    .   (no shield)
rNeg     . . .     Spirit   .   a - +2 robe {Will+}
rPois    +         Reflect  .   t - +2 helmet {Int+3}
rElec    .         Harm     .   (no cloak)
rCorr    .         Rampage  .   (no gloves)
Will     ++...     NoTele   +   (no boots)
Stlth    +++.......             r - amulet of regeneration
HPRegen  1.16/turn              u - +6 ring of intelligence
MPRegen  0.22/turn              v - +6 ring of intelligence

@: no status effects
A: no striking features
a: Renounce Religion


You were in the Dungeon.
You worshipped Vehumet.
Vehumet was exalted by your worship.
You visited 1 branch

Inventory:

Hand Weapons
 C - the +8 lance "Wyrmbane" (weapon) {slay drac, rPois rF+ rC+ AC+3}
   (You found it in the Dungeon)

   It affects your AC (+3).
   It protects you from fire.
   It protects you from cold.
   It protects you from poison.
Missiles
 x - a throwing net
Armour
 a - a +2 robe of willpower (worn)
 t - a +2 helmet of intelligence (worn)
Jewellery
 r - an amulet of regeneration (around neck)
 u - a +6 ring of intelligence (left hand)
 v - a +6 ring of intelligence (right hand)
 D - the ring "Ixus Osm" {rN+ Int+3 Slay+4}
   (You found it in the Dungeon)

   [ring of slaying]

   It affects your intelligence (+3).
   It affects your accuracy and damage with ranged weapons and melee attacks
   (+4).
   It protects you from negative energy.
Wands
 y - a wand of mindburst (7)
 z - a wand of iceblast (2)
 A - a wand of acid (6)
Scrolls
 h - 3 scrolls of blinking
 m - 4 scrolls of amnesia
 n - 6 scrolls of fog
 o - a scroll of holy word
 p - 5 scrolls of identify
 q - 2 scrolls of fear
 w - 2 scrolls of brand weapon
Potions
 b - 2 potions of brilliance
 c - 10 potions of curing
 d - 6 potions of heal wounds
 e - 6 potions of haste
 f - 7 potions of magic
 g - 3 potions of berserk rage
 i - 2 potions of invisibility
 j - 4 potions of resistance
 k - a potion of experience
 l - 5 potions of might
Miscellaneous
 s - a condenser vane
 B - a lightning rod (4/4)


   Skills:
 + Level 10.5 Dodging
 - Level 6.3 Stealth
 + Level 15.3 Spellcasting
 + Level 8.0 Conjurations
 + Level 18.0 Fire Magic
 + Level 8.9 Evocations


You had 23 spell levels left.
You knew the following spells:

 Your Spells              Type           Power      Damage    Failure   Level
a - Foxfire               Conj/Fire      100%       2x1d9     0%          1
b - Conjure Flame         Conj/Fire      93%        6-21      0%          3
c - Inner Flame           Hex/Fire       79%        N/A       1%          3
d - Sticky Flame          Conj/Fire      93%        2d10      1%          4
e - Fireball              Conj/Fire      46%        3d18      1%          5

Your spell library contained the following spells:

 Spells                   Type           Power      Damage    Failure   Level
 Frozen Ramparts          Ice            58%        1d7       1%          3
 Magic Dart               Conj           100%       1d8       1%          1
 Searing Ray              Conj           100%       3d7       1%          2
 Sublimation of Blood     Necr           14%        N/A       1%          2
 Dazzling Flash           Conj/Hex       100%       N/A       1%          3
 Ignite Poison            Fire/Tmut/Pois 67%        N/A       1%          3
 Fulminant Prism          Conj/Hex       28%        3d14      1%          4
 Hailstorm                Conj/Ice       57%        3d12      1%          4
 Iskenderun's Mystic Bla  Conj/Tloc      57%        2d12      1%          4
 Irradiate                Conj/Tmut      28%        3d23      1%          5
 Lightning Bolt           Conj/Air       28%        1d45      1%          5
 Airstrike                Air            14%        N/A       3%          4
 Olgreb's Toxic Radiance  Pois           29%        N/A       3%          4
 Petrify                  Tmut/Erth      29%        N/A       11%         4
 Summon Lightning Spire   Summ/Air       29%        N/A       11%         4
 Alistair's Intoxication  Tmut/Pois      19%        N/A       30%         5
 Eringya's Noxious Bog    Tmut/Pois      14%        N/A       38%         6
 Blade Hands              Tmut           14%        N/A       86%         6
 Statue Form              Tmut/Erth      19%        N/A       86%         6
 Dragon Form              Tmut           14%        N/A       100%        7


Dungeon Overview and Level Annotations

Branches:
Dungeon (1/1)

Altars:
Ashenzari
Cheibriados
Dithmenos
Elyvilon
Fedhas
Gozag
Hepliaklqana
Kikubaaqudgha
Makhleb
Nemelex Xobeh
Okawaru
Qazlal
Ru
Sif Muna
Trog
Uskayaw
Vehumet
Wu Jian
Xom
Yredelemnul
Zin
The Shining One
Beogh
Jiyva
Lugonu


Message History

Unknown command.
Unknown command.
Casting: Fireball (safe; 1% risk of failure)
Confirm with . or Enter, or press ? or * to list all spells.
Okay, then.
Casting: Fireball (safe; 1% risk of failure)
Confirm with . or Enter, or press ? or * to list all spells.
Aiming: Fireball (safe; 1% risk of failure)
Press: ? - help, Shift-Dir - straight line, f - yaktaur captain
Aim: a yaktaur captain, wielding a +0 arbalest and quivering bolts (grey smoke, heavily wounded)
Okay, then.
Blink to where?
Press: ? - help, Dir - move target
As you read the scroll of blinking, it crumbles to dust.
Unknown command.
You feel much better.
The yaktaur captain shoots a bolt.
The bolt hits you!
Unknown command.
You feel much better.
The yaktaur captain shoots a bolt.
The bolt hits you!!
Ouch! That really hurt!
* * * LOW HITPOINT WARNING * * *
Unknown command.
Unknown command.
Okay, then.
Casting: Fireball (safe; 1% risk of failure)
Confirm with . or Enter, or press ? or * to list all spells.
Aiming: Fireball (safe; 1% risk of failure)
Press: ? - help, Shift-Dir - straight line, f - cyclops
Aim: a cyclops, quivering large rocks (grey smoke, heavily wounded)
The fireball explodes!
The fireball engulfs the cyclops.
The cyclops is severely wounded.
The fireball engulfs the cyclops!!!
The cyclops is severely wounded.
The fireball engulfs the cyclops!!
The cyclops is heavily wounded.
The fireball engulfs the yaktaur!!
The yaktaur is severely wounded.
The fireball engulfs the yaktaur captain!!!
The yaktaur captain is almost dead.
The yaktaur captain shoots a bolt.
The bolt hits you!!
You die...

▓..)}|)C..▓
▓...|[=c..▓
▓......c..▓
▓§........▓
▓..§Cc.§..▓
▓.§.§C.§§.▓
▓.▓§Cc..▓.▓
▓..§§©.@..▓
▓▓▓▓▓▓▓▓▓▓▓


You could see a yaktaur captain, 3 cyclopes and a yaktaur.

Vanquished Creatures
  A tentacled starspawn (D)
  A centaur warrior (D)
  2 cyclopes (D)
  2 freezing wraiths (D)
  An ice devil (D)
  4 merfolk (D)
  A raiju (D)
  A wind drake (D)
  Sigmund (D)
  A large abomination (D)
  2 hell hounds (D)
  An orc warrior (D)
  2 centaurs (D)
  Blork the orc (D)
  A crimson imp (D)
  4 quasits (D)
  3 orc priests (D)
  Jessica (D)
  7 orc wizards (D)
  2 white imps (D)
  An adder skeleton (D)
  An adder simulacrum (D)
  5 orcs (D)
  A bat simulacrum (D)
  A jackal zombie (D)
  A quokka simulacrum (D)
  A starspawn tentacle (D)
50 creatures vanquished.

Vanquished Creatures (others)
  2 foxfires (D)
  A starspawn tentacle (D)
3 creatures vanquished.

Grand Total: 53 creatures vanquished

Notes
Turn   | Place    | Note
-------+----------+-------------------------------------------
     0 | D        | mhtbhm the Deep Elf Fire Elementalist began the quest for
                  | the Orb.
     0 | D        | Reached XP level 1. HP: 10/10 MP: 6/6
     0 | D        | Found a shimmering blue altar of Sif Muna.
     0 | D        | Found a bloodstained altar of Trog.
     0 | D        | Found a sacrificial altar of Ru.
     0 | D        | Found a stormy altar of Qazlal.
     0 | D        | Found an iron altar of Okawaru.
     1 | D        | Found a sparkling altar of Nemelex Xobeh.
     1 | D        | Found a blossoming altar of Fedhas.
     2 | D        | Found the +6 Majin-Bo {vamp, MP+6 Int+6}
     2 | D        | Found the +9 heavy crossbow "Sniper" {vorpal, Acc+∞ SInv}
     2 | D        | Found the +10 dark maul {vorpal}
     2 | D        | Found the +15 Maxwell's patent armour {-Cast -Tele rElec
                  | Will+ rCorr}
     2 | D        | Found the +18 shield of the Gong {rElec rN+ Will+ EV-5}
     2 | D        | Found the +14 obsidian axe {vorpal, Drain Fly SInv}
     2 | D        | Found the +7 great mace "Firestarter" {inner flame, rF++}
     2 | D        | Found the +6 shillelagh "Devastator" {shatter}
     2 | D        | Found the +11 plutonium sword {Contam Stlth-}
     2 | D        | Found the +8 lance "Wyrmbane" {slay drac, rPois rF+ rC+
                  | AC+3}
     2 | D        | Found the +9 sword of Zonguldrok {reap}
     2 | D        | Found the +13 scythe of Curses {drain, Drain}
     2 | D        | Found the +5 sword of Power {vorpal}
     2 | D        | Found the +7 mace of Variability {chain chaos}
     2 | D        | Found the +7 Singing Sword {vorpal, sonic wave}
     2 | D        | Found the +8 storm bow {elec, penet}
     3 | D        | Found a transporter.
     3 | D        | Found an ancient bone altar of Kikubaaqudgha.
     3 | D        | Found a viscous altar of Jiyva.
     3 | D        | Found a corrupted altar of Lugonu.
     3 | D        | Found a hazy altar of Hepliaklqana.
     3 | D        | Found a burning altar of Makhleb.
     3 | D        | Found an opulent altar of Gozag.
    35 | D        | Became a worshipper of Vehumet
    55 | D        | Entered arena 2.
    55 | D        | Noticed a quasit
    55 | D        | Noticed a quasit
    55 | D        | Found a transporter.
    57 | D        | Killed a quasit
    57 | D        | Killed a quasit
    58 | D        | Reached skill level 5 in Spellcasting
    58 | D        | Reached skill level 7 in Fire Magic
    58 | D        | Reached XP level 2. HP: 15/15 MP: 7/10
    58 | D        | Reached XP level 3. HP: 19/19 MP: 7/11
    62 | D        | Learned a level 3 spell: Conjure Flame
    66 | D        | Learned a level 3 spell: Inner Flame
   203 | D        | Entered arena 3.
   203 | D        | Noticed Sigmund
   203 | D        | Noticed Jessica
   203 | D        | Noticed Blork the orc
   203 | D        | Found a transporter.
   204 | D        | Killed Jessica
   204 | D        | Reached * piety under Vehumet
   204 | D        | Offered knowledge of Freeze by Vehumet.
   205 | D        | Reached XP level 4. HP: 24/24 MP: 11/13
   205 | D        | Killed Sigmund
   206 | D        | Reached skill level 5 in Dodging
   206 | D        | Reached skill level 5 in Stealth
   206 | D        | Reached skill level 10 in Fire Magic
   206 | D        | Reached skill level 1 in Evocations
   206 | D        | Reached XP level 5. HP: 28/28 MP: 13/17
   206 | D        | Killed Blork the orc
   207 | D        | Reached XP level 6. HP: 32/32 MP: 15/19
   316 | D        | Entered arena 4.
   316 | D        | Noticed a hell hound
   316 | D        | Noticed a hell hound
   316 | D        | Found a transporter.
   317 | D        | Offered knowledge of Searing Ray by Vehumet.
   317 | D        | Reached ** piety under Vehumet
   320 | D        | Killed a hell hound
   321 | D        | Reached skill level 11 in Fire Magic
   321 | D        | Killed a hell hound
   322 | D        | Reached skill level 12 in Fire Magic
   322 | D        | Reached XP level 7. HP: 14/36 MP: 18/21
   327 | D        | Learned a level 4 spell: Sticky Flame
   333 | D        | Learned a level 5 spell: Fireball
   349 | D        | Entered arena 5.
   349 | D        | Found a transporter.
   350 | D        | Reached *** piety under Vehumet
   464 | D        | Entered arena 6.
   464 | D        | Found a transporter.
   465 | D        | Reached **** piety under Vehumet
   514 | D        | Entered arena 7.
   514 | D        | Noticed a merfolk
   514 | D        | Noticed a wind drake
   514 | D        | Noticed a merfolk
   514 | D        | Noticed a cyclops
   514 | D        | Noticed a merfolk
   514 | D        | Noticed a merfolk
   516 | D        | Killed a merfolk
   516 | D        | Offered knowledge of Ignite Poison by Vehumet.
   516 | D        | Killed a cyclops
   516 | D        | Reached ***** piety under Vehumet
   516 | D        | Killed a merfolk
   517 | D        | Reached skill level 14 in Fire Magic
   517 | D        | Reached skill level 5 in Evocations
   517 | D        | Reached XP level 8. HP: 26/41 MP: 20/25
   517 | D        | Killed a wind drake
   517 | D        | Killed a merfolk
   518 | D        | Reached skill level 15 in Fire Magic
   521 | D        | Killed a merfolk
   522 | D        | Reached XP level 9. HP: 34/45 MP: 6/27
   526 | D        | Found a transporter.
   627 | D        | Entered arena 8.
   627 | D        | Noticed a tentacled starspawn
   630 | D        | Reached ****** piety under Vehumet
   631 | D        | Reached skill level 5 in Conjurations
   632 | D        | Killed a tentacled starspawn
   633 | D        | Reached skill level 10 in Dodging
   633 | D        | Reached skill level 17 in Fire Magic
   633 | D        | Reached XP level 10. HP: 44/50 MP: 13/30
   706 | D        | Found a transporter.
   714 | D        | Got the ring "Ixus Osm" {rN+ Int+3 Slay+4}
   717 | D        | Entered arena 9.
   718 | D        | Offered knowledge of Frozen Ramparts by Vehumet.
   721 | D        | Found a transporter.
   736 | D        | Got the Reference Book on Contamination and Air
   752 | D        | Entered arena 10.
   757 | D        | Found a transporter.
   764 | D        | Got the Reference Book on Confrontation
   808 | D        | Entered arena 11.
   808 | D        | Noticed a cyclops
   808 | D        | Noticed a cyclops
   808 | D        | Noticed a centaur warrior
   808 | D        | Noticed a cyclops
   808 | D        | Noticed a cyclops
   808 | D        | Noticed a yaktaur captain
   815 | D        | Killed a centaur warrior
   815 | D        | Killed a cyclops
   816 | D        | Reached skill level 15 in Spellcasting
   816 | D        | Reached skill level 18 in Fire Magic
   820 | D        | Shot with a bolt by a yaktaur captain

Illustrated notes

Levels and vault maps discovered:
D:        sprint_v [room_start, room_1, room_2, room_3, room_4, room_5, room_6,
          room_7, room_8, room_9, room_10, room_11, room_12, room_13, room_14,
          room_15, room_16, room_17, room_18, room_19, room_20, room_21,
          room_22, room_23, room_24, room_25, room_26, room_27]

Skill      XL: |  1  2  3  4  5  6  7  8  9 10 |
---------------+-------------------------------+-----
Dodging        | 4 5 6 8 9 10 | 10.5
Stealth        | 3 4 5 6 |  6.3
Spellcasting   | 5 7 8 9 11 12 14 15 | 15.3
Fire Magic     | 7 10 12 14 15 17 18 | 18.0
Conjurations   | 2 4 6 8 |  8.0
Evocations     | 1 3 5 6 7 8 |  8.9

Action                   |  1- 3 |  4- 6 |  7- 9 | 10-12 || total
-------------------------+-------+-------+-------+-------++-------
 Cast: Foxfire           |     1 |       |       |       ||     1
       Conjure Flame     |       |     1 |       |       ||     1
       Fireball          |       |       |    12 |    11 ||    23
Evoke: Wand              |     2 |     3 |     1 |       ||     6
       Lightning rod     |     1 |     3 |     3 |     2 ||     9
       Condenser vane    |       |       |       |     1 ||     1
  Use: Potion            |       |       |       |     4 ||     4
       Scroll            |       |       |       |     2 ||     2
Armor: Robe              |       |       |       |     1 ||     1
Dodge: Dodged            |       |     2 |     1 |     6 ||     9

Table legend: (Time is in decaauts)
 A = Elapsed time spent in this place.
 B = Non-inter-level travel time spent in this place.
 C = Inter-level travel time spent in this place.
 D = Time resting spent in this place.
 E = Time spent auto-exploring this place.
 F = Levels seen in this place.
 G = Mean time per level.
                   A        B        C        D        E       F      G
               +--------+--------+--------+--------+--------+-----+--------+
         Total |    818 |    818 |      0 |    520 |      0 |   1 |  818.0 |
       Dungeon |    818 |    818 |      0 |    520 |      0 |   1 |  818.0 |
               +--------+--------+--------+--------+--------+-----+--------+

Top non-repeatable levels by time:
       D: 818 daAuts
